 Dungeon Crawl Stone Soup version 0.31-a0-232-gb1c03b2570 (webtiles) character file.

Game seed: 7767805451840548780

10336 IndexError the Fighter (level 11, -10/97 HPs)
             Began as a Demigod Conjurer on July 7, 2023.
             Shot with an arrow by a centaur warrior (16 damage)
             ... on level 11 of the Dungeon.
             The game lasted 00:25:51 (13295 turns).

IndexError the Fighter (Demigod Conjurer)          Turns: 13295, Time: 00:25:52

Health: -10/97     AC: 12    Str: 12    XL:     11   Next: 13%
Magic:  10/27      EV: 12    Int: 28    God:
Gold:   652        SH:  0    Dex: 12    Spells: 12/26 levels left

rFire   . . .        a - +2 trident (flame)
rCold   + . .        (no shield)
rNeg    . . .        o - +0 steam dragon scales
rPois   .            (no helmet)
rElec   +            s - +2 cloak
rCorr   .            (no gloves)
SInv    .            (no boots)
Will    +....        N - amulet of magic regeneration
Stlth   ++           e - ring of protection from cold {rC+, !d}
HPRegen 0.36/turn    d - ring of Pebef {rElec AC+4}
MPRegen 0.60/turn

%: no passive effects
@: no status effects
A: high MP 1, forlorn, divine attributes
a: no special abilities


You were on level 11 of the Dungeon.
You visited 1 branch of the dungeon, and saw 11 of its levels.

You collected 652 gold pieces.

Inventory:

Hand Weapons
 a - a +2 trident of flaming (weapon)
   (You took it off a gnoll sergeant on level 6 of the Dungeon)
 b - a +7 sling
   (You took it off Joseph on level 7 of the Dungeon)
Missiles
 l - 3 silver boomerangs
 x - 5 boomerangs
 D - a throwing net {=f, !d}
 F - 3 javelins
Armour
 o - +0 steam dragon scales (worn)
   (You found it on level 6 of the Dungeon)
 s - a +2 cloak (worn)
   (You found it on level 4 of the Dungeon)
 z - +0 swamp dragon scales
   (You found it on level 4 of the Dungeon)
 B - a +2 kite shield of poison resistance
   (You took it off a gnoll sergeant on level 6 of the Dungeon)
 M - the +0 robe of Poggam {rC+}
   (You took it off an orc on level 9 of the Dungeon)

   rC:        It protects you from cold.
Magical Staves
 I - a staff of death {rN+}
   (You found it on level 8 of the Dungeon)
Jewellery
 d - the ring of Pebef (right hand) {rElec AC+4}
   (You acquired it on level 10 of the Dungeon)

   [ring of protection]

   AC:        It affects your AC (+4).
   rElec:     It insulates you from electricity.
 e - a ring of protection from cold (left hand) {rC+, !d}
   (You found it on level 1 of the Dungeon)
 K - a ring of flight {+Fly, !d}
   (You found it on level 10 of the Dungeon)
 N - an amulet of magic regeneration (around neck)
   (You found it on level 9 of the Dungeon)
Wands
 t - a wand of charming (8)
   (You took it off an orc on level 4 of the Dungeon)
 G - a wand of mindburst (24)
   (You found it on level 8 of the Dungeon)
Scrolls
 f - a scroll of vulnerability {!r!r}
 g - 3 scrolls of revelation
 h - 4 scrolls of amnesia
 i - 3 scrolls of teleportation
 j - 2 scrolls of summoning
 u - 2 scrolls of immolation {!r}
 v - a scroll of poison {!r}
 y - a scroll of fear
 A - 2 scrolls of enchant weapon
 E - 2 scrolls of noise {!r}
 H - 2 scrolls of blinking {!r}
 O - a scroll of brand weapon {unknown}
Potions
 c - a potion of might
 k - 2 potions of cancellation
 m - 3 potions of enlightenment
 n - 2 potions of heal wounds
 p - a potion of invisibility
 q - 4 potions of curing {unknown}
 r - 2 potions of brilliance
 w - 3 potions of lignification {unknown}
 C - 2 potions of attraction {!q}
 J - 2 potions of magic
 L - 2 potions of haste


   Skills:
 + Level 9.2 Fighting
 - Level 1.7 Dodging
 - Level 1.7 Stealth
 - Level 8.0 Spellcasting
 - Level 8.0 Conjurations
 - Level 6.0 Hexes
 + Level 5.4 Translocations


You had 12 spell levels left.
You knew the following spells:

 Your Spells              Type           Power      Damage    Failure   Level
a - Magic Dart            Conj           100%       1d8       1%          1
b - Searing Ray           Conj           100%       2d8       1%          2
c - Dazzling Flash        Conj/Hex       100%       N/A       1%          3
d - Fulminant Prism       Conj/Hex       25%        3d14      2%          4
x - Iskenderun's Mystic   Conj/Tloc      48%        2d11      3%          4

Your spell library contained the following spells:

 Spells                   Type           Power      Damage    Failure   Level
 Ensorcelled Hibernation  Hex/Ice        56%        N/A       2%          2
 Passwall                 Tmut/Erth      9%         N/A       8%          2
 Swiftness                Air            11%        N/A       14%         3


Dungeon Overview and Level Annotations

Branches:
Dungeon (11/15)            Temple (0/1) D:5             Orc (0/2) D:9
   Lair: D:8-11

Shops:
D:8 :

Annotations:
D:4 1 runed translucent door, zdzicho121's ghost, amateur GrEE
D:7 1 runed translucent door, Aspara's ghost, novice DsHu


Innate Abilities, Weirdness & Mutations

You have an increased reservoir of magic. (+10% MP)
You shall have no god before yourself.
Your divine heritage dramatically boosts your attributes as you level up.


Message History

You take 13 damage, and have 84/97 hp.
You now have 25/27 mp.
The searing ray hits the cyclops!
The cyclops throws a large rock.
The large rock barely misses you.
The searing ray hits the cyclops.
You now have 24/27 mp.
The searing ray hits the cyclops.
You finish channelling your searing ray.
A vampire mosquito comes into view.
The cyclops throws a large rock.
The large rock closely misses you.
Casting: Searing Ray (safe; 1% risk of failure)
Confirm with . or Enter, or press ? or * to list all spells.
Aiming: Searing Ray (safe; 1% risk of failure)
Press: ? - help, Shift-Dir - straight line, f/p - cyclops
Aim: a cyclops, quivering large rocks (heavily wounded, 98% to hit)
The searing ray hits the cyclops! (Press . to maintain the ray.)
The vampire mosquito buzzes angrily.
You hear a shout! x2
You now have 23/27 mp.
The searing ray hits the cyclops but does no damage.
You hear a shout! x4
You now have 22/27 mp.
The searing ray hits the cyclops!
You hear a shout!
The vampire mosquito barely misses you.
The searing ray hits the cyclops!
You finish channelling your searing ray.
The vampire mosquito bites you but does no damage.
The vampire mosquito misses you.
You now have 21/27 mp.
Casting: Searing Ray (safe; 1% risk of failure)
Confirm with . or Enter, or press ? or * to list all spells.
You erupt in a blast of force!
The mystic blast hits the vampire mosquito.
The vampire mosquito is knocked back by the mystic blast.
You now have 18/27 mp.
Casting: Iskenderun's Mystic Blast (dangerous; 3% risk of failure)
Confirm with . or Enter, or press ? or * to list all spells.
You erupt in a blast of force!
The mystic blast hits the vampire mosquito!
The vampire mosquito is knocked back by the mystic blast.
You now have 15/27 mp.
Casting: Iskenderun's Mystic Blast (dangerous; 3% risk of failure)
Confirm with . or Enter, or press ? or * to list all spells.
Aiming: Searing Ray (safe; 1% risk of failure)
Press: ? - help, Shift-Dir - straight line, f - vampire mosquito
Aim: a vampire mosquito (heavily damaged, 72% to hit)
The searing ray hits the vampire mosquito! (Press . to maintain the ray.)
You now have 13/27 mp.
The searing ray hits the vampire mosquito!
A centaur comes into view.
The centaur wields a +0 shortbow.
The centaur shoots an arrow.
The arrow barely misses you.
The magic dart hits the centaur.
A centaur warrior comes into view.
You now have 12/27 mp.
The magic dart hits the centaur warrior!
The centaur warrior wields a +0 shortbow.
The centaur warrior shoots an arrow.
The arrow hits you!
You take 16 damage, and have 72/97 hp.
The magic dart hits the centaur warrior.
A centaur comes into view.
The centaur warrior shoots an arrow.
The arrow hits you!
You take 9 damage, and have 63/97 hp.
The magic dart hits the centaur.
You now have 11/27 mp.
Casting: Magic Dart (safe; 1% risk of failure)
Confirm with . or Enter, or press ? or * to list all spells.
Aiming: Fulminant Prism (dangerous; 2% risk of failure)
Press: ? - help, Dir - move target You conjure a prism of explosive energy!
A fulminant prism comes into view.
The centaur wields a +0 shortbow.
The centaur shoots an arrow.
The arrow hits you.
The centaur warrior shoots an arrow.
The arrow hits you!
A cyclops comes into view.
You take 15 damage, and have 48/97 hp.
You now have 8/27 mp.
The centaur warrior shoots an arrow.
The arrow hits you!
An efreet comes into view.
It is wielding a +4 scimitar of flaming.
The centaur warrior shoots an arrow.
The arrow hits you!
* * * LOW HITPOINT WARNING * * *
Your fulminant prism crackles loudly.
You take 25 damage, and have 23/97 hp.
MASSIVE DAMAGE!!
The centaur shoots an arrow.
The arrow hits you.
* * * LOW HITPOINT WARNING * * *
The centaur warrior shoots an arrow.
The arrow hits you.
* * * LOW HITPOINT WARNING * * *
The centaur shoots an arrow.
The arrow hits you!
* * * LOW HITPOINT WARNING * * *
The blast of energy engulfs the centaur!!
The blast of energy engulfs the centaur!
The blast of energy engulfs the centaur warrior.
The blast of energy engulfs the efreet!
You hear a roar!
You hear a shout!
You hear a horrible gurgling sound!
You hear a shout!
You hear a bellow!
You hear a shout!
You hear an angry buzzing noise.
You take 18 damage, and have 5/97 hp.
The centaur warrior shoots an arrow.
The arrow closely misses you.
The centaur shoots an arrow.
The arrow misses you.
The centaur warrior shoots an arrow.
The arrow hits you!
You die...

.............T>..
..............yc.
..........D......
.......###.#####.
....... .. ..
....... .#. ...
####... ..
...H+##..#
........@#
##.......#
_#....(.)#
##.....c.#
......().+
....#..Rc#
....#..C☼○ ...
#....' .. ######.


You could see a centaur warrior, a manticore, a cyclops, an efreet and a
centaur.

Vanquished Creatures
  2 two-headed ogres (D:9)
  A cyclops (D:11)
  Joseph (D:7)
  A gargoyle (D:10)
  An unseen horror (D:10)
  Prince Ribbit (D:7)
  5 slime creatures (D:9)
  2 shadows
  A wyvern (D:9)
  Grum (D:8)
  A wraith (D:9)
  8 yaks
  A steam dragon (D:6)
  A vampire mosquito (D:11)
  3 water moccasins (D:7)
  8 orc warriors
  2 sky beasts
  3 ice beasts
  2 ogres (D:5)
  3 wolves (D:8)
  5 centaurs
  A phantom (D:6)
  2 kobold brigands
  A gnoll sergeant (D:6)
  2 scorpions
  4 wights (D:7)
  4 killer bees (D:10)
  2 howler monkeys
  2 electric eels (D:9)
  A crimson imp (D:7)
  11 orc priests
  Crazy Yiuf (D:7)
  2 gnoll boudas
  7 hounds
  4 iguanas
  11 orc wizards
  Natasha (twice) (D:2)
  26 gnolls
  6 adders
  A white imp (D:7)
  A worm (D:2)
  4 dart slugs
  45 orcs
  7 endoplasms
  5 giant cockroaches
  8 goblins
  2 hobgoblins
  6 jackals
  11 kobolds
  4 quokkas
  11 ball pythons
  7 bats
  3 frilled lizards
  5 rats
  A fulminant prism (D:10)
263 creatures vanquished.

Vanquished Creatures (others)
  23 fulminant prisms
23 creatures vanquished.

Grand Total: 286 creatures vanquished

Notes
Turn   | Place    | Note
-------+----------+-------------------------------------------
     0 | D:1      | IndexError the Demigod Conjurer began the quest for the
                  | Orb.
     0 | D:1      | Reached XP level 1. HP: 14/14 MP: 5/5
   116 | D:1      | Reached skill level 2 in Spellcasting
   294 | D:1      | HP: 3/14 [quokka (2)]
   296 | D:1      | Reached XP level 2. HP: 5/20 MP: 0/7
   542 | D:1      | Learned a level 2 spell: Searing Ray
   657 | D:1      | Reached skill level 4 in Conjurations
  1356 | D:2      | Noticed Natasha
  1361 | D:2      | Killed Natasha
  1362 | D:2      | Reached XP level 3. HP: 26/26 MP: 3/9
  1476 | D:2      | Noticed Natasha
  1481 | D:2      | Killed Natasha
  1482 | D:2      | Reached skill level 3 in Spellcasting
  1559 | D:2      | Reached XP level 4. HP: 29/33 MP: 5/11
  2845 | D:3      | HP: 8/33 [gnoll/+0 whip (2)]
  2846 | D:3      | HP: 2/33 [gnoll/+0 whip (7)]
  2850 | D:3      | Reached XP level 5. HP: 3/38 MP: 0/13
  3012 | D:3      | Reached skill level 5 in Conjurations
  3182 | D:3      | You fall into a shaft and drop 3 floors!
  3201 | D:6      | Noticed a steam dragon
  3217 | D:6      | Killed a steam dragon
  3218 | D:6      | Reached skill level 4 in Spellcasting
  3218 | D:6      | Reached XP level 6. HP: 23/45 MP: 4/15
  3495 | D:5      | Entered Level 5 of the Dungeon
  3519 | D:6      | Reached skill level 6 in Conjurations
  3550 | D:6      | Reached XP level 7. HP: 13/50 MP: 5/17
  3710 | D:5      | Reached skill level 5 in Spellcasting
  3766 | D:5      | Learned a level 3 spell: Dazzling Flash
  3771 | D:5      | Learned a level 4 spell: Fulminant Prism
  3776 | D:5      | Learned a level 4 spell: Iskenderun's Mystic Blast
  3816 | D:5      | Found a staircase to the Ecumenical Temple.
  4272 | D:5      | Noticed a yak
  4480 | D:4      | Reached skill level 7 in Conjurations
  4851 | D:4      | Reached skill level 6 in Spellcasting
  4851 | D:4      | Reached XP level 8. HP: 51/57 MP: 12/20
  5029 | D:4      | Found a runed translucent door.
  5286 | D:4      | Noticed a +0 dagger
  5287 | D:4      | Noticed a +0 hand axe
  5658 | D:4      | Noticed zdzicho121's ghost (amateur GrEE)
  5778 | D:5      | Reached skill level 8 in Conjurations
  5781 | D:5      | Reached skill level 7 in Spellcasting
  6296 | D:6      | Identified the +1 dagger "Hydra's Demise" {spect, rElec
                  | Int+2}
  6545 | D:6      | Reached skill level 8 in Spellcasting
  6939 | D:7      | Reached skill level 1 in Fighting
  6939 | D:7      | Reached skill level 1 in Hexes
  6944 | D:7      | Reached XP level 9. HP: 60/67 MP: 14/25
  6945 | D:7      | Reached skill level 2 in Fighting
  6945 | D:7      | Reached skill level 2 in Hexes
  7161 | D:7      | Reached skill level 3 in Fighting
  7161 | D:7      | Reached skill level 3 in Hexes
  7253 | D:7      | Noticed Joseph
  7263 | D:7      | Killed Joseph
  7264 | D:7      | Reached skill level 4 in Fighting
  7264 | D:7      | Reached skill level 4 in Hexes
  7452 | D:7      | Found a runed translucent door.
  7452 | D:7      | Noticed Aspara's ghost (novice DsHu)
  7775 | D:7      | Noticed Prince Ribbit
  7781 | D:7      | Killed Prince Ribbit
  8210 | D:7      | Found a runed translucent door.
  8211 | D:7      | Noticed Crazy Yiuf
  8399 | D:7      | Killed Crazy Yiuf
  8901 | D:8      | Found Cayv's Tiny Tomes.
  8960 | D:8      | Reached skill level 5 in Fighting
  8960 | D:8      | Reached skill level 5 in Hexes
  9541 | D:8      | Noticed Grum
  9547 | D:8      | Killed Grum
  9696 | D:9      | Reached XP level 10. HP: 52/82 MP: 14/26
  9994 | D:9      | Reached skill level 6 in Fighting
  9994 | D:9      | Reached skill level 6 in Hexes
 10198 | D:9      | Noticed a two-headed ogre
 10210 | D:9      | Killed a two-headed ogre
 10211 | D:9      | Reached skill level 7 in Fighting
 10346 | D:9      | Reached skill level 1 in Translocations
 10696 | D:9      | Reached skill level 2 in Translocations
 10714 | D:9      | Reached skill level 3 in Translocations
 10863 | D:9      | Identified the +0 robe of Poggam {rC+}
 10920 | D:9      | Reached skill level 8 in Fighting
 11261 | D:9      | Noticed a two-headed ogre
 11279 | D:9      | Killed a two-headed ogre
 11621 | D:9      | Reached skill level 4 in Translocations
 11693 | D:9      | Found a staircase to the Orcish Mines.
 12124 | D:10     | Entered Level 10 of the Dungeon
 12361 | D:10     | Identified a scroll of acquirement
 12370 | D:10     | Acquired the ring of Pebef {rElec AC+4}
 12573 | D:10     | Reached XP level 11. HP: 70/95 MP: 12/27
 12826 | D:10     | Reached skill level 9 in Fighting
 12826 | D:10     | Reached skill level 5 in Translocations
 13098 | D:11     | Noticed a centaur warrior
 13289 | D:11     | Noticed a centaur warrior
 13293 | D:11     | HP: 23/97 [centaur warrior/arrow (17)]
 13294 | D:11     | HP: 5/97 [centaur/arrow (9)]
 13295 | D:11     | Shot with an arrow by a centaur warrior

Illustrated notes

Levels and vault maps discovered:
D:1:      sevenhm_arrival_forest_fort_small_4, layout_loops_cross
D:2:      layout_basic, kennysheep_decorative_pillar, minmay_pentomino_u2,
          uniq_natasha
D:3:      layout_rooms, mainiacjoe_overflow_brackets, trog_book,
          mainiacjoe_overflow_catwalk_spiral, minmay_misc_feat_tiny
D:4:      layout_basic, dancing_weapons_uskayaw, okawaru_metal_pillars_1_2,
          cheibriados_altar_1, mainiacjoe_overflow_tiny_flanked,
          ebering_ghost_reflecting_pool
D:5:      layout_basic, mainiacjoe_overflow_alcove_4,
          nicolae_elyvilon_temple_path, minmay_temple_entry_junction
D:6:      layout_basic, lemuel_doored_altar, serial_bayou_pond_d,
          kennysheep_generic_room_4
D:7:      layout_basic, mainiacjoe_overflow_cross_hatched,
          gammafunk_ghost_grave, minmay_fire_ice_demons, uniq_prince_ribbit1,
          uniq_joseph, uniq_crazy_yiuf_cottage
D:8:      layout_gridville, overflow_temple_1_default,
          nicolae_shop_i_like_small_books_too, uniq_grum
D:9:      layout_gridville, nicolae_hepliaklqana_hazy_memory,
          grunt_dithmenos_shadows, erik_orc_2
D:10:     layout_roguey
D:11:     minmay_the_grid_square_5x5_5x5 [minmay_the_grid_square_5x5_longway,
          minmay_the_grid_square_5x5_inner_v, minmay_the_grid_square_5x5_empty,
          minmay_the_grid_square_5x5_inset, minmay_the_grid_square_5x5_minimal,
          minmay_the_grid_square_5x5_almost_minimal,
          minmay_the_grid_square_5x5_prize_open,
          minmay_the_grid_square_5x5_pentomino_r,
          minmay_the_grid_square_5x5_prize_junk,
          minmay_the_grid_square_5x5_inner_z,
          minmay_the_grid_square_5x5_beaten_path,
          minmay_the_grid_square_5x5_mess,
          minmay_the_grid_square_5x5_prize_itemx,
          minmay_the_grid_square_5x5_lines,
          minmay_the_grid_square_5x5_broken_cross,
          minmay_the_grid_square_5x5_fat_x,
          minmay_the_grid_square_5x5_prize_deathbox,
          minmay_the_grid_square_5x5_six_small,
          minmay_the_grid_square_5x5_prize_open,
          minmay_the_grid_square_5x5_one_wall,
          minmay_the_grid_square_5x5_shrine1,
          minmay_the_grid_square_5x5_tetrominoes, minmay_the_grid_square_5x5_v,
          minmay_the_grid_square_5x5_shrine2,
          minmay_the_grid_square_5x5_half_checkered], layout_irregular_city,
          nicolae_trove_entry_crossroad, serial_shops, shop,
          ashenzari_conservatory_becter

Skill      XL: |  1  2  3  4  5  6  7  8  9 10 11 |
---------------+----------------------------------+-----
Spellcasting   | 2 3 4 6 8 |  8.0
Conjurations   | 4 5 6 7 8 |  8.0
Fighting       | 1 5 8 9 |  9.2
Hexes          | 1 5 6 |  6.0
Translocations | 4 5 |  5.4
Dodging        | |  1.7
Stealth        | |  1.7

Action                     |  1- 3 |  4- 6 |  7- 9 | 10-12 || total
---------------------------+-------+-------+-------+-------++-------
  Melee: Club              |     3 |       |       |       ||     3
         Dagger            |       |    18 |     5 |       ||    23
         Punch             |       |       |     1 |     2 ||     3
         Short sword       |       |       |     5 |       ||     5
         Trident           |       |       |     5 |    19 ||    24
   Fire: Sling             |       |       |       |    30 ||    30
   Cast: Magic Dart        |    62 |    82 |   196 |   126 ||   466
         Searing Ray       |     2 |    13 |    50 |    35 ||   100
         Fulminant Prism   |       |       |     3 |    21 ||    24
         Iskenderun's Myst |       |       |       |    10 ||    10
    Use: Scroll            |       |       |       |    20 ||    20
 Armour: Robe              |       |     8 |       |       ||     8
         Steam dragon scal |       |    13 |    24 |    46 ||    83
  Dodge: Dodged            |     8 |    53 |    61 |    78 ||   200

Table legend: (Time is in decaauts)
 A = Elapsed time spent in this place.
 B = Non-inter-level travel time spent in this place.
 C = Inter-level travel time spent in this place.
 D = Time resting spent in this place.
 E = Time spent auto-exploring this place.
 F = Levels seen in this place.
 G = Mean time per level.
                   A        B        C        D        E       F      G
               +--------+--------+--------+--------+--------+-----+--------+
         Total |  13336 |  12275 |   1061 |    434 |  10099 |  11 | 1212.4 |
       Dungeon |  13336 |  12275 |   1061 |    434 |  10099 |  11 | 1212.4 |
               +--------+--------+--------+--------+--------+-----+--------+

Top non-repeatable levels by time:
     D:9: 2337 daAuts
     D:7: 1701 daAuts
     D:4: 1392 daAuts
     D:2: 1368 daAuts
     D:6: 1266 daAuts
     D:5: 1205 daAuts
     D:8: 1196 daAuts
     D:1: 1185 daAuts
    D:10: 980 daAuts
     D:3: 642 daAuts
    D:11: 59 daAuts

Levels and vault maps discovered:
D:1:      sevenhm_arrival_forest_fort_small_4, layout_loops_cross
D:2:      layout_basic, kennysheep_decorative_pillar, minmay_pentomino_u2,
          uniq_natasha
D:3:      layout_rooms, mainiacjoe_overflow_brackets, trog_book,
          mainiacjoe_overflow_catwalk_spiral, minmay_misc_feat_tiny
D:4:      layout_basic, dancing_weapons_uskayaw, okawaru_metal_pillars_1_2,
          cheibriados_altar_1, mainiacjoe_overflow_tiny_flanked,
          ebering_ghost_reflecting_pool
D:5:      layout_basic, mainiacjoe_overflow_alcove_4,
          nicolae_elyvilon_temple_path, minmay_temple_entry_junction
D:6:      layout_basic, lemuel_doored_altar, serial_bayou_pond_d,
          kennysheep_generic_room_4
D:7:      layout_basic, mainiacjoe_overflow_cross_hatched,
          gammafunk_ghost_grave, minmay_fire_ice_demons, uniq_prince_ribbit1,
          uniq_joseph, uniq_crazy_yiuf_cottage
D:8:      layout_gridville, overflow_temple_1_default,
          nicolae_shop_i_like_small_books_too, uniq_grum
D:9:      layout_gridville, nicolae_hepliaklqana_hazy_memory,
          grunt_dithmenos_shadows, erik_orc_2
D:10:     layout_roguey
D:11:     minmay_the_grid_square_5x5_5x5 [minmay_the_grid_square_5x5_longway,
          minmay_the_grid_square_5x5_inner_v, minmay_the_grid_square_5x5_empty,
          minmay_the_grid_square_5x5_inset, minmay_the_grid_square_5x5_minimal,
          minmay_the_grid_square_5x5_almost_minimal,
          minmay_the_grid_square_5x5_prize_open,
          minmay_the_grid_square_5x5_pentomino_r,
          minmay_the_grid_square_5x5_prize_junk,
          minmay_the_grid_square_5x5_inner_z,
          minmay_the_grid_square_5x5_beaten_path,
          minmay_the_grid_square_5x5_mess,
          minmay_the_grid_square_5x5_prize_itemx,
          minmay_the_grid_square_5x5_lines,
          minmay_the_grid_square_5x5_broken_cross,
          minmay_the_grid_square_5x5_fat_x,
          minmay_the_grid_square_5x5_prize_deathbox,
          minmay_the_grid_square_5x5_six_small,
          minmay_the_grid_square_5x5_prize_open,
          minmay_the_grid_square_5x5_one_wall,
          minmay_the_grid_square_5x5_shrine1,
          minmay_the_grid_square_5x5_tetrominoes, minmay_the_grid_square_5x5_v,
          minmay_the_grid_square_5x5_shrine2,
          minmay_the_grid_square_5x5_half_checkered], layout_irregular_city,
          nicolae_trove_entry_crossroad, serial_shops, shop,
          ashenzari_conservatory_becter

Table legend: (Time is in decaauts)
 A = Elapsed time spent in this place.
 B = Non-inter-level travel time spent in this place.
 C = Inter-level travel time spent in this place.
 D = Time resting spent in this place.
 E = Time spent auto-exploring this place.
 F = Levels seen in this place.
 G = Mean time per level.
                   A        B        C        D        E       F      G
               +--------+--------+--------+--------+--------+-----+--------+
         Total |  13336 |  12275 |   1061 |    434 |  10099 |  11 | 1212.4 |
       Dungeon |  13336 |  12275 |   1061 |    434 |  10099 |  11 | 1212.4 |
               +--------+--------+--------+--------+--------+-----+--------+

Top non-repeatable levels by time:
     D:9: 2337 daAuts
     D:7: 1701 daAuts
     D:4: 1392 daAuts
     D:2: 1368 daAuts
     D:6: 1266 daAuts
     D:5: 1205 daAuts
     D:8: 1196 daAuts
     D:1: 1185 daAuts
    D:10: 980 daAuts
     D:3: 642 daAuts
    D:11: 59 daAuts

Table legend:
 A = Kills in this place as a percentage of kills in the entire game.
 B = Kills by you in this place as a percentage of kills by you in the entire game.
 C = Kills by friends in this place as a percentage of kills by friends in the entire game.
 D = Other kills in this place as a percentage of other kills in the entire game.
 E = Experience gained in this place as a percentage of experience gained in the entire game.
 F = Experience gained in this place divided by the number of levels of this place that you have seen.
                   A       B       C       D       E      F
               +-------+-------+-------+-------+-------+----------------------
         Total | 100.0 | 100.0 |   N/A |   N/A | 100.0 | 1342.5
       Dungeon | 100.0 | 100.0 |   N/A |   N/A | 100.0 | 1342.5
               +-------+-------+-------+-------+-------+----------------------
